 Dungeon Crawl Stone Soup version 0.26-a0-784-g51bffae0b1 (webtiles) character file.

Game seed: 11490192902695402657

254 Kinoniko the Shield-Bearer (level 6, -13/53 HPs)
             Began as a Hill Orc Fighter on Nov 10, 2020.
             Was a Believer of Zin.
             Mangled by an ogre
             ... wielding a +0 giant club
              (20 damage)
             ... on level 5 of the Dungeon.
             The game lasted 00:04:20 (4427 turns).

Kinoniko the Shield-Bearer (Hill Orc Fighter)       Turns: 4427, Time: 00:04:21

Health: -13/53     AC:  7    Str: 19    XL:     6   Next: 14%
Magic:  6/6        EV:  9    Int:  8    God:    Zin [**....]
Gold:   252        SH:  5    Dex: 12    Spells: 5/5 levels left

rFire    . . .     SeeInvis .   a - +0 long sword
rCold    . . .     Faith    .   o - +0 buckler
rNeg     + . .     Spirit   .   b - +0 scale mail
rPois    .         Reflect  .   (no helmet)
rElec    .         Harm     .   (no cloak)
rCorr    .         Rampage  .   (no gloves)
MR       .....                  (no boots)
Stlth    +.........             (no amulet)
HPRegen  0.17/turn              l - ring of positive energy
MPRegen  0.10/turn              r - ring of stealth

@: no status effects
A: no striking features
a: Recite, Vitalisation, Donate Gold, Renounce Religion


You were on level 5 of the Dungeon.
You worshipped Zin.
Zin was pleased with you.
You visited 2 branches of the dungeon, and saw 6 of its levels.

You collected 279 gold pieces.
You donated 27 gold pieces to Zin.

Inventory:

Hand Weapons
 a - a +0 long sword (weapon)
Armour
 b - a +0 scale mail (worn)
 c - a +0 kite shield
 o - a +0 buckler (worn)
Jewellery
 h - a cursed ring of positive energy
 j - an uncursed ring of fire
 l - a ring of positive energy (left hand)
 r - a ring of stealth (right hand)
 t - an uncursed ring of stealth
Scrolls
 e - 2 scrolls of identify
 n - a scroll of teleportation {unknown}
 u - 2 scrolls of fog
 w - a scroll of enchant armour {unknown}
Potions
 d - 3 potions of might
 f - 3 potions of curing
 g - a potion of brilliance {unknown}
 i - 2 potions of resistance
 k - a potion of heal wounds {unknown}
 m - 2 potions of degeneration
 p - a potion of attraction
 q - a potion of flight {unknown}
 s - a potion of cancellation {unknown}
 v - a potion of lignification {unknown}


   Skills:
 + Level 4.6 Fighting
 * Level 4.2 Long Blades
 + Level 4.1 Armour
 + Level 4.9 Shields
 * Level 1.0 Invocations


You had 5 spell levels left.
You didn't know any spells.
Your spell library contained the following spells:

 Spells                   Type           Power        Failure   Level
 Summon Small Mammal      Summ           #...         77%         1
 Call Imp                 Summ           #.......     88%         2
 Call Canine Familiar     Summ           #.......     98%         3
 Summon Guardian Golem    Hex/Summ       #.......     98%         3
 Summon Ice Beast         Ice/Summ       #.......     100%        4
 Summon Lightning Spire   Summ/Air       #.......     100%        4


Dungeon Overview and Level Annotations

Branches:
Dungeon (5/15)             Temple (1/1) D:4

Altars:
Ashenzari
Elyvilon
Kikubaaqudgha
Makhleb
Okawaru
Sif Muna
Trog
Uskayaw
Vehumet
Xom
Yredelemnul
Zin


Message History

The ogre is moderately wounded.
The ogre hits you with a +0 giant club.
You slash the ogre!
The ogre is heavily wounded.
The ogre hits you but does no damage.
You hit the ogre.
The ogre is heavily wounded.
The ogre hits you with a +0 giant club!!
You hit the ogre but do no damage.
The ogre is heavily wounded.
You block the ogre's attack.
You hit the ogre.
The ogre is severely wounded.
The ogre hits you with a +0 giant club!
* * * LOW HITPOINT WARNING * * *
Unknown command.
You barely miss the ogre.
The ogre is severely wounded.
The ogre hits you with a +0 giant club!!
You die...

#########
#........
#.####### #@#
######O#
#......########
#.###..........
#.†########
#..# #..# #..#
....


You could see an ogre.

Vanquished Creatures
  A hound (D:3)
  Jessica (D:2)
  2 worker ants (D:4)
  5 adders
  A white imp (D:5)
  An ooze (D:4)
  An adder zombie (D:3)
  An adder skeleton (D:4)
  3 worms
  2 leopard geckos
  2 orcs
  5 giant cockroaches
  12 goblins
  7 hobgoblins
  2 jackals (D:3)
  6 bats
  8 frilled lizards
  8 kobolds
  A leopard gecko skeleton (D:4)
  9 rats
78 creatures vanquished.

Notes
Turn   | Place    | Note
-------+----------+-------------------------------------------
     0 | D:1      | Kinoniko the Hill Orc Fighter began the quest for the Orb.
     0 | D:1      | Reached XP level 1. HP: 19/19 MP: 1/1
   192 | D:1      | Reached XP level 2. HP: 25/27 MP: 2/2
   752 | D:2      | Reached XP level 3. HP: 32/33 MP: 3/3
  1144 | D:2      | Reached XP level 4. HP: 28/40 MP: 4/4
  1273 | D:2      | Noticed Jessica
  1281 | D:2      | Killed Jessica
  1672 | D:3      | Found a radiant altar of Vehumet.
  1992 | D:3      | Reached XP level 5. HP: 43/46 MP: 5/5
  2255 | D:3      | Found a shimmering altar of Xom.
  2910 | D:4      | Found a staircase to the Ecumenical Temple.
  2941 | Temple   | Entered the Ecumenical Temple
  3023 | Temple   | Became a worshipper of Zin the Law-Giver
  3023 | Temple   | Reached * piety under Zin
  3410 | D:4      | Reached ** piety under Zin
  3671 | D:4      | Reached XP level 6. HP: 36/53 MP: 6/6
  4313 | D:5      | Entered Level 5 of the Dungeon
  4326 | D:5      | Reached skill level 1 in Invocations
  4427 | D:5      | Mangled by an ogre

Illustrated notes

Levels and vault maps discovered:
D:1:      noname_arrival_rooms_in_the_neighbourhood, layout_basic
D:2:      layout_rooms, st_stairs_13, uniq_jessica
D:3:      layout_loops_corners, marbit_many_paths, fiery_altar_vehumet,
          chequers_big_river
D:4:      layout_layer_cave, temple_statues
D:5:      layout_loops_ring, minmay_guarded_unrand_staff_of_olgreb
Temple:   eino_wide_crystal_templ

Skill      XL: |  1  2  3  4  5  6 |
---------------+-------------------+-----
Long Blades    | 3 4 |  4.2
Fighting       | 4 |  4.6
Shields        | 4 |  4.9
Armour         | 4 |  4.1
Invocations    | 1 |  1.0

Action                   |  1- 3 |  4- 6 || total
-------------------------+-------+-------++-------
Melee: Long sword        |    96 |   159 ||   255
Invok: Recite            |       |     1 ||     1
  Use: Scroll            |       |    10 ||    10
Armor: Scale mail        |    33 |    73 ||   106
Dodge: Dodged            |    22 |    80 ||   102
Block: Kite shield       |    40 |       ||    40
       Buckler           |       |    31 ||    31
       Rpst.: Long sword |     7 |    20 ||    27

Table legend: (Time is in decaauts)
 A = Elapsed time spent in this place.
 B = Non-inter-level travel time spent in this place.
 C = Inter-level travel time spent in this place.
 D = Time resting spent in this place.
 E = Time spent auto-exploring this place.
 F = Levels seen in this place.
 G = Mean time per level.
                   A        B        C        D        E       F      G
               +--------+--------+--------+--------+--------+-----+--------+
         Total |   4500 |   4359 |    141 |    419 |   3320 |   6 |  750.0 |
       Dungeon |   4409 |   4280 |    129 |    419 |   3271 |   5 |  881.8 |
        Temple |     90 |     78 |     12 |      0 |     49 |   1 |   90.0 |
               +--------+--------+--------+--------+--------+-----+--------+

Top non-repeatable levels by time:
     D:4: 1452 daAuts
     D:3: 1178 daAuts
     D:2: 896 daAuts
     D:1: 765 daAuts
     D:5: 116 daAuts
  Temple: 90 daAuts
